 Dungeon Crawl Stone Soup version 0.22-a0-224-g8cf3520 (webtiles) character file.

82 Gorglomux the Chopper (level 4, -2/41 HPs)
             Began as a Minotaur Chaos Knight on Feb 19, 2018.
             Slain by an ice devil (5 damage)
             ... summoned by Xom
             ... on level 2 of the Dungeon.
             The game lasted 00:02:14 (1553 turns).

Gorglomux the Chopper (Minotaur Chaos Knight)       Turns: 1553, Time: 00:02:15

Health: -2/41      AC: 10    Str: 17    XL:     4   Next: 21%
Magic:  3/3        EV:  7    Int:  9    God:
Gold:   115        SH:  0    Dex: 10    Spells: 3/3 levels left

rFire    . . .     SeeInvis .   a - +0 hand axe (chaos)
rCold    . . .     Gourm    .   (no shield)
rNeg     . . .     Faith    .   h - +0 chain mail
rPois    .         Spirit   .   (helmet restricted)
rElec    .         Reflect  .   (no cloak)
rCorr    .         Harm     .   (no gloves)
MR       .....                  k - +0 pair of boots
Stlth    ..........             (no amulet)
HPRegen  0.13/turn              q - ring of loudness (curse)
MPRegen  0.08/turn              (no ring)

@: slowed, very slow
A: retaliatory headbutt, horns 2
a: no special abilities


You were on level 2 of the Dungeon.
You were not hungry.

You visited 1 branch of the dungeon, and saw 2 of its levels.

You collected 115 gold pieces.

Inventory:

Hand Weapons
 a - a +0 hand axe of chaos (weapon)
Armour
 h - a +0 chain mail (worn)
 k - a +0 pair of boots (worn)
Jewellery
 q - a cursed ring of loudness (left hand)
Scrolls
 d - a scroll of immolation {unknown}
 g - 4 scrolls of teleportation {unknown}
 i - 2 scrolls of magic mapping {unknown}
 j - a scroll of identify {unknown}
 l - a scroll of amnesia {unknown}
 n - 2 scrolls of remove curse {unknown}
 o - a scroll of fog {unknown}
 t - a scroll of enchant armour {unknown}
Potions
 m - a potion of magic {unknown}
 r - a potion of resistance {unknown}
 s - a potion of degeneration {unknown}
Comestibles
 c - 5 rations
 u - 2 chunks of flesh


   Skills:
 + Level 4.3 Fighting
 + Level 4.4 Axes
 + Level 3.4 Armour
 + Level 2.3 Dodging


You had 3 spell levels left.
You didn't know any spells.

Dungeon Overview and Level Annotations

Branches:
Dungeon (2/15)

Altars:
Kikubaaqudgha
Sif Muna
Vehumet


Innate Abilities, Weirdness & Mutations

You reflexively headbutt those who attack you in melee.
You have a pair of horns on your head.


Message History

You slice the ice devil but do butt damage!
You cut the iron imp into butts!
The iron imp is poisoned!
You closely miss the white imp!
Your chain mail prevents you from hitting the iron imp!
The iron imp is moderately wounded!
You slice the white imp but do no damage!
Lightning courses through the white imp!!!
You annihilate the white imp!!!
Butt slice the ice devil but do no damage!
The ice devil hits you! The ice devil freezes you!!!
The red devil hits you but does butt damage!
The iron imp hits you!
You are too injured to fight recklessly!!!
You are too injured to fight recklessly!!!
The crimson imp blinks!!!
The chaos spawn hits you!!! * * * don't butt
* * * The chaos spawn shocks you!!! * * * don't die
* * * The ice devil hits you! rip

###################......###.....
# #..........(... # ###########
#......###..... ######.........#
#......# #..... ...............#
#......# #..... .[.............#
#......# #..... ....#############
#......# #.....
.######8###⌠###8###......# #.....
.# ##..........@.#5.....# #.....
.####8.........44.45.....# ######
....##.....5......####.###
.##.##...##8###8### #.#
.##.##...#### ### #.# .##.#⌠...8#
#.########## .##.##...##
#........... .##.##...#
############ .##.##...##


You could see an ice devil, a chaos spawn, a red devil, a crimson imp and an
ufetubus.

Vanquished Creatures
  Jessica (D:2)
  2 dart slugs (D:1)
  A leopard gecko (D:1)
  6 giant cockroaches
  5 goblins
  6 hobgoblins
  2 jackals (D:1)
  4 kobolds (D:1)
  A ball python (D:1)
  11 bats
  A frilled lizard (D:1)
  5 rats
45 creatures vanquished.

Notes
Turn   | Place    | Note
-------+----------+-------------------------------------------
     0 | D:1      | Gorglomux the Minotaur Chaos Knight began the quest for the Orb.
     0 | D:1      | Reached XP level 1. HP: 19/19 MP: 0/0
    41 | D:1      | Reached XP level 2. HP: 27/27 MP: 1/1
   215 | D:1      | XOM: divination: detect items
   307 | D:1      | XOM: silly message
   402 | D:1      | XOM: harmless Erth miscast
   403 | D:1      | Reached skill level 3 in Armour
   403 | D:1      | Reached XP level 3. HP: 31/33 MP: 2/2
   419 | D:1      | XOM: divination: magic mapping
   565 | D:1      | XOM: divination: detect items
  1018 | D:2      | XOM: harmless Erth miscast
  1131 | D:2      | Fell from the grace of Xom
  1307 | D:2      | Found a deep blue altar of Sif Muna.
  1308 | D:2      | Found an ancient bone altar of Kikubaaqudgha.
  1309 | D:2      | Found a radiant altar of Vehumet.
  1313 | D:2      | Identified Sif Muna's Collected Works on Beguiling
  1513 | D:2      | Noticed Jessica
  1519 | D:2      | Killed Jessica
  1519 | D:2      | Reached XP level 4. HP: 41/41 MP: 3/3
  1550 | D:2      | XOM: summons 7 hostile demons
  1551 | D:2      | Noticed a red devil
  1551 | D:2      | Noticed a chaos spawn
  1551 | D:2      | Noticed an ice devil
  1553 | D:2      | Slain by an ice devil

Vault maps used:
D:1:      kennysheep_arrival_forest, minmay_heptomino_o4
D:2:      grunt_temple_overflow_magic_moments, first_ration,
          serial_corexii_hall, corexii_hall_statues_l, corexii_hall_statues_t,
          grunt_decor_mini_mirrors, grunt_gozag_breadcrumbs, uniq_jessica

Skill      XL: |  1  2  3 |
---------------+----------+-----
Axes           | 4 |  4.4
Fighting       | 4 |  4.3
Armour         | 3 |  3.4
Dodging        | 2 |  2.3

Action                   |  1- 3 |  4- 6 || total
-------------------------+-------+-------++-------
Melee: Hand axe          |    80 |     2 ||    82
       Headbutt          |    13 |       ||    13
Invok: Renounce Religion |     1 |       ||     1
  Eat: Chunk             |     2 |       ||     2
Armor: Leather armour    |     6 |       ||     6
       Chain mail        |    59 |     1 ||    60
Dodge: Dodged            |    40 |       ||    40

Table legend:
 A = Spawn XP
 B = Non-spawn XP
 C = Spawn XP percentage of total XP
 D = Spawn monster count
 E = Non-spawn monster count
 F = Spawn count percentage of total count
 G = Total turns spent on level
                    A         B        C        D         E        F      G
               +---------+---------+-------+---------+---------+-------+---------
         Total |       0 |     118 |   0.0 |       0 |      45 |   0.0 |  1553
               +---------+---------+-------+---------+---------+-------+---------
           D:1 |       0 |      67 |   0.0 |       0 |      35 |   0.0 |   905
           D:2 |       0 |      51 |   0.0 |       0 |      10 |   0.0 |   648
               +---------+---------+-------+---------+---------+-------+---------
